 Dungeon Crawl Stone Soup version 0.30-a0-989-g0d87f670db (webtiles) character file.

Game seed: 8234426792851510649

445 jtron the Chopper (level 6, -3/48 HPs)
             Began as a Demonspawn Wanderer on Apr 3, 2023.
             Was an Initiate of Okawaru.
             Slain by a gnoll sergeant
             ... wielding a +0 trident
              (6 damage)
             ... on level 5 of the Dungeon.
             The game lasted 00:06:24 (3991 turns).

jtron the Chopper (Demonspawn Wanderer)             Turns: 3991, Time: 00:06:25

Health: -3/48      AC: 16    Str: 14    XL:     6   Next: 72%
Magic:  6/6        EV: 11    Int: 13    God:    Okawaru [......]
Gold:   157        SH:  0    Dex: 13    Spells: 5/5 levels left

rFire   . . .      SeeInvis .    a - +3 hand axe (protect)
rCold   . . .      Faith    .    (no shield)
rNeg    . . .      Spirit   .    d - +0 leather armour
rPois   .          Reflect  .    (no helmet)
rElec   .          Rampage  .    (no cloak)
rCorr   .                        (no gloves)
Will    .....                    (no boots)
Stlth   ++                       (no amulet)
HPRegen 0.28/turn                (no ring)
MPRegen 0.10/turn                (no ring)

@: sanguine armoured, under a protective aura, invisible
A: powered by death 1, sanguine armour 1
a: Renounce Religion


You were on level 5 of the Dungeon.
You worshipped Okawaru.
Okawaru was noncommittal.
You visited 1 branch of the dungeon, and saw 5 of its levels.

You collected 157 gold pieces.

Inventory:

Hand Weapons
 a - a +3 hand axe of protection (weapon)
 b - a +0 shortbow
Missiles
 f - 21 stones
 o - 9 poisoned darts (quivered)
 p - 3 javelins
Armour
 d - a +0 leather armour (worn)
 g - +0 ice dragon scales
 s - a +1 robe of willpower
Scrolls
 c - a scroll of fear
 e - 6 scrolls of teleportation
 h - a scroll of silence
 m - 2 scrolls of amnesia {unknown}
 t - a scroll of enchant weapon {unknown}
Potions
 i - 2 potions of degeneration
 j - a potion of invisibility
 k - 2 potions of flight
 n - 2 potions of brilliance
 q - a potion of might {unknown}
 r - a potion of cancellation
 u - a potion of ambrosia {unknown}


   Skills:
 + Level 3.9 Fighting
 + Level 6.1 Axes
 + Level 1.6 Ranged Weapons
 + Level 0.5 Throwing
 + Level 2.7 Armour
 + Level 1.6 Dodging
 + Level 2.0 Stealth


You had 5 spell levels left.
You didn't know any spells.
Your spell library contained the following spells:

 Spells                   Type           Power      Damage    Failure   Level
 Magic Dart               Conj           0%         1d3       36%         1
 Ignite Poison            Fire/Tmut/Pois 0%         N/A       75%         3
 Mephitic Cloud           Conj/Pois/Air  0%         N/A       75%         3
 Sticky Flame             Conj/Fire      0%         2d3       98%         4
 Ignition                 Fire           0%         3d3       100%        8
 Call Imp                 Summ           Unusable   N/A       N/A         2

Dungeon Overview and Level Annotations

Branches:
Dungeon (5/15)
 Temple: D:4-7

Altars:
Okawaru
Trog


Innate Abilities, Weirdness & Mutations

You regenerate a little health from kills.
When seriously injured, your blood forms armour. (AC +6)


Message History

The gnoll sergeant is severely wounded.
You hit the gnoll but do no damage. The gnoll barely misses you.
The gnoll sergeant barely misses you.
You hit the gnoll sergeant but do no damage.
You punch the gnoll sergeant, but do no damage.
The gnoll sergeant is severely wounded.
You hit the gnoll. The gnoll sergeant closely misses you.
You catch the helpless gnoll sergeant completely off-guard!
You hit the gnoll sergeant.
The gnoll sergeant is severely wounded.
You closely miss the gnoll.
The gnoll sergeant hits you with a +0 trident.
* * * LOW HITPOINT WARNING * * *
The gnoll misses you.
You hit the gnoll.
You kill the gnoll!
Okawaru accepts your kill.
You hit the gnoll sergeant but do no damage.
The gnoll sergeant hits you with a +0 trident!
* * * LOW HITPOINT WARNING * * *
You catch the helpless gnoll sergeant completely off-guard!
You hit the gnoll sergeant.
The gnoll sergeant is almost dead.
You barely miss the gnoll. The gnoll misses you.
The gnoll sergeant closely misses you.
You barely miss the gnoll sergeant.
The gnoll sergeant is almost dead.
You catch the helpless gnoll completely off-guard!
You hit the gnoll. The gnoll sergeant barely misses you.
The gnoll hits you but does no damage.
You hit the gnoll sergeant but do no damage.
The gnoll sergeant is almost dead.
You barely miss the gnoll.
The gnoll sergeant hits you but does no damage.
You completely miss the gnoll sergeant.
The gnoll sergeant is almost dead.
You catch the helpless gnoll completely off-guard!
You hit the gnoll. The gnoll closely misses you.
The gnoll sergeant hits you with a +0 trident.
You die...

.### ...## #.. .#..# ..
..#.####### ..
..#.......###.. .##
..#........... ..
..#.......###.###S#
..............##gg#
†....###..######@#
..##.....## #.#
.......### #†# ...##.###
##.# ...##...# #..#
...####.#######.######.#
.............<..........
..#######.#####.#######.
#..####.#


You could see a gnoll sergeant (unable to see you), a gnoll (unable to see you)
and an adder (unable to see you).

Vanquished Creatures
  An ogre (D:4)
  Blork the orc (D:4)
  A hound (D:4)
  2 orc priests (D:3)
  Natasha (twice) (D:4)
  Terence (D:2)
  An iguana (D:5)
  3 gnolls (D:5)
  An adder (D:3)
  9 orcs
  10 endoplasms
  4 giant cockroaches
  4 goblins
  5 hobgoblins
  A jackal (D:5)
  4 kobolds
  A quokka (D:4)
  4 ball pythons
  4 bats (D:1)
  3 frilled lizards
  5 rats
67 creatures vanquished.

Notes
Turn   | Place    | Note
-------+----------+-------------------------------------------
     0 | D:1      | jtron the Demonspawn Wanderer began the quest for the Orb.
     0 | D:1      | jtron set off with the following items: a +3 hand axe, a
                  | scroll of silence, a scroll of fear, a +0 leather armour.
     0 | D:1      | Reached XP level 1. HP: 18/18 MP: 1/1
   272 | D:1      | Gained mutation: When seriously injured, your blood forms
                  | armour. (AC +6) [demonic ancestry]
   272 | D:1      | Reached XP level 2. HP: 5/24 MP: 2/2
   728 | D:1      | Reached skill level 5 in Axes
  1178 | D:2      | Noticed Terence
  1210 | D:2      | Killed Terence
  1211 | D:2      | Gained mutation: You regenerate a little health from kills.
                  | [demonic ancestry]
  1211 | D:2      | Reached XP level 3. HP: 17/29 MP: 3/3
  1939 | D:3      | Reached XP level 4. HP: 29/35 MP: 4/4
  1967 | D:3      | Found an iron altar of Okawaru.
  1972 | D:3      | Became a worshipper of Warmaster Okawaru
  2056 | D:3      | Reached skill level 1 in Dodging
  2211 | D:3      | Reached XP level 5. HP: 41/41 MP: 5/5
  2634 | D:4      | Noticed an ogre
  2641 | D:4      | Killed an ogre
  2860 | D:4      | Noticed Natasha
  2870 | D:4      | Killed Natasha
  2947 | D:4      | Noticed Blork the orc
  2968 | D:4      | Killed Blork the orc
  2969 | D:4      | Reached skill level 1 in Ranged Weapons
  2969 | D:4      | Reached XP level 6. HP: 19/48 MP: 6/6
  3254 | D:4      | Reached skill level 6 in Axes
  3327 | D:4      | Found a bloodstained altar of Trog.
  3524 | D:4      | Noticed Natasha
  3541 | D:4      | Killed Natasha
  3541 | D:4      | Reached * piety under Okawaru
  3810 | D:5      | Entered Level 5 of the Dungeon
  3987 | D:5      | HP: 2/48 [gnoll sergeant/+0 trident (10)]
  3991 | D:5      | Slain by a gnoll sergeant

Illustrated notes

Levels and vault maps discovered:
D:1:      minmay_arrival_split_and_join, layout_loops_corners, serial_rivers,
          chequers_serial_rivers_room_b, chequers_serial_rivers_large_b,
          chequers_serial_rivers_room_b, chequers_serial_rivers_micro_e,
          minmay_3d_cube
D:2:      layout_basic, uniq_terence
D:3:      layout_loops_cross, lemuel_crystal_altar,
          amcnicky_mini_rare_corridor_liquid, grunt_ministairs_4
D:4:      layout_loops_ring, trog_butcher_becter, uniq_natasha,
          uniq_blork_the_orc
D:5:      layout_rooms, gammafunk_ghost_arena, uniq_duvessa

Skill      XL: |  1  2  3  4  5  6 |
---------------+-------------------+-----
Axes           | 5 6 |  6.1
Armour         | 2 |  2.7
Dodging        | 1 |  1.6
Ranged Weapons | 1 |  1.6
Stealth        | 2 |  2.0
Fighting       | |  3.9
Throwing       | |  0.5

Action                     |  1- 3 |  4- 6 || total
---------------------------+-------+-------++-------
  Melee: Hand axe          |   101 |   131 ||   232
         Punch             |     1 |     1 ||     2
   Fire: Shortbow          |       |    26 ||    26
  Throw: Dart              |       |     8 ||     8
 Invoke: Heroism           |       |     1 ||     1
    Use: Potion            |     3 |     4 ||     7
         Scroll            |    10 |     1 ||    11
   Stab: Sleeping          |     3 |     1 ||     4
         Invisible         |       |     4 ||     4
 Armour: Leather armour    |    22 |    37 ||    59
  Dodge: Dodged            |    58 |    73 ||   131

Table legend: (Time is in decaauts)
 A = Elapsed time spent in this place.
 B = Non-inter-level travel time spent in this place.
 C = Inter-level travel time spent in this place.
 D = Time resting spent in this place.
 E = Time spent auto-exploring this place.
 F = Levels seen in this place.
 G = Mean time per level.
                   A        B        C        D        E       F      G
               +--------+--------+--------+--------+--------+-----+--------+
         Total |   4052 |   3781 |    271 |    388 |   2782 |   5 |  810.4 |
       Dungeon |   4052 |   3781 |    271 |    388 |   2782 |   5 |  810.4 |
               +--------+--------+--------+--------+--------+-----+--------+

Top non-repeatable levels by time:
     D:4: 1295 daAuts
     D:1: 1198 daAuts
     D:3: 791 daAuts
     D:2: 585 daAuts
     D:5: 180 daAuts
